 Dungeon Crawl Stone Soup version 0.29-a0-998-g1987434951 (webtiles) character file.

Game seed: 1336253047399192074

12655 Spectrina the Fighter (level 12, 0/90 HPs)
             Began as a Djinni Venom Mage on Aug 5, 2022.
             Was an Initiate of Yredelemnul.
             Killed by divine providence
             ... invoked by an orc priest
              (13 damage)
             ... on level 2 of the Orcish Mines on Aug 6, 2022.
             The game lasted 01:23:17 (6795 turns).

Spectrina the Fighter (Djinni Venom Mage)           Turns: 6795, Time: 01:23:18

Health: 0/90       AC: 11    Str:  7    XL:     12   Next: 22%
Gold:   469        EV: 11    Int: 27    God:    Yredelemnul [......] SH:  3 Dex: 11

rFire   + + +      SeeInvis +   x - staff of cold {!a}
rCold   x . .      Faith    .   u - +0 buckler
rNeg    . . .      Spirit   .   C - +3 leather armour
rPois   ∞          Reflect  .   Z - +2 hat
rElec   +          Harm     .   G - +2 cloak {rPois}
rCorr   .          Rampage  .   (no gloves)
Will    +....                   (boots unavailable)
Stlth   +++++.....              F - amulet of regeneration
HPRegen 1.05/turn               q - ring "Hubbuitu" {Fire rElec Dex-4 SInv Stlth+}
MPRegen 0.00/turn               l - +6 ring of intelligence

@: about to teleport, radiating poison, flying, hasted, very quick
A: sickness immunity, fire resistance 2, cold vulnerability 1, float, innate
caster, HP casting, extra vitality 1
a: Renounce Religion, Recall Undead Harvest


You were on level 2 of the Orcish Mines.
You worshipped Yredelemnul.
Yredelemnul was aware of your devotion.
You visited 3 branches of the dungeon, and saw 12 of its levels.
You also visited: Ossuary.

You collected 755 gold pieces.
You spent 286 gold pieces at shops.

Inventory:

Hand Weapons
 y - a +1 trident of venom
 R - a +2 antimagic quarterstaff
Missiles
 N - a curare-tipped dart
Armour
 o - a +2 leather armour of cold resistance
 u - a +0 buckler (worn)
 C - a +3 leather armour (worn)
 G - a +2 cloak of poison resistance (worn)
 M - a +1 leather armour of willpower
 Z - a +2 hat (worn)
Magical Staves
 c - a staff of conjuration {!a}
 x - a staff of cold (weapon) {!a}
Jewellery
 a - a +6 ring of strength
 l - a +6 ring of intelligence (right hand)
 q - the ring "Hubbuitu" (left hand) {Fire rElec Dex-4 SInv Stlth+}
   (You found it on level 2 of the Dungeon)

   [ring of fire]

   It enhances your fire magic.
   Dex:       It affects your dexterity (-4).
   rF:        It protects you from fire.
   rC:        It makes you vulnerable to cold.
   rElec:     It insulates you from electricity.
   SInv:      It lets you see invisible.
   Stlth:     It makes you more stealthy.
 A - a ring of protection from cold
 E - a ring of willpower
 F - an amulet of regeneration (around neck)
 J - a +6 ring of dexterity
 X - a +4 ring of evasion
 Y - a +6 ring of strength
Wands
 t - a wand of polymorph (10)
 H - a wand of flame (43) (quivered)
 I - a wand of charming (11)
 K - a wand of acid (2)
 P - a wand of roots (5)
Scrolls
 b - 7 scrolls of teleportation
 d - 2 scrolls of fog {unknown}
 j - 2 scrolls of enchant weapon {unknown}
 k - 4 scrolls of magic mapping {unknown}
 m - 2 scrolls of blinking {unknown}
 n - 3 scrolls of acquirement
 s - a scroll of enchant armour
 v - 2 scrolls of poison
 w - a scroll of immolation {unknown}
 L - a scroll of summoning
 T - a scroll of fear {unknown}
 U - 2 scrolls of vulnerability {unknown}
 V - a scroll of amnesia {unknown}
Potions
 e - a potion of mutation {unknown}
 f - 6 potions of might
 g - 7 potions of curing
 h - 3 potions of cancellation
 i - 2 potions of resistance
 p - 3 potions of lignification {unknown}
 r - 4 potions of attraction {unknown}
 B - a potion of degeneration {unknown}
 D - a potion of haste
 O - 4 potions of magic {unknown}
 Q - a potion of brilliance
 S - a potion of heal wounds {unknown}
 W - a potion of flight {unknown}


   Skills:
 + Level 9.4 Fighting
 - Level 2.1 Dodging
 + Level 8.9 Stealth
 + Level 7.7 Spellcasting
 + Level 9.4 Invocations


You had 2 spell levels left.
You knew the following spells:

 Your Spells              Type           Power      Damage    Failure   Level
a - Sting                 Tmut/Pois      100%       1d8       1%          1
f - Scorch                Fire           100%       2d10      1%          2
i - Summon Ice Beast      Ice/Summ       68%        N/A       4%          4
k - Tukima's Dance        Hex            51%        N/A       1%          3
l - Mephitic Cloud        Conj/Pois/Air  51%        N/A       1%          3
m - Ice Form              Ice/Tmut       68%        N/A       4%          4
p - Summon Small Mammal   Summ           100%       N/A       1%          1
q - Poisonous Vapours     Pois/Air       100%       N/A       1%          2
r - Olgreb's Toxic Radia  Pois           51%        N/A       4%          4
Your spell library was empty.

Dungeon Overview and Level Annotations

Branches:
Dungeon (9/15)             Temple (1/1) D:4             Orc (2/2) D:9
    Elf (0/3) Orc:2       Ossuary (visited)
   Lair: D:8-11

Altars:
Ashenzari
Cheibriados
Dithmenos
Elyvilon
Fedhas
Gozag
Hepliaklqana
Makhleb
Nemelex Xobeh
Okawaru
Qazlal
Ru
Trog
Uskayaw
Wu Jian
Xom
Yredelemnul
Zin
The Shining One

Shops:
D:4 *


Innate Abilities, Weirdness & Mutations

You are immune to sickness and miasma.
You are immune to poison.
Your flesh is very heat resistant. (rF++)
You are vulnerable to cold. (rC-)
You float through the air rather than walking.
You learn spells naturally, not from books.
Your magical power is your life essence.
You have superior vitality. (+4 MHP)


Message History

Aim: an orc warrior, wielding a +0 glaive and wearing a +0 chain mail (moderately wounded, very poisoned, chance to affect: 49%) Really charm the orc warrior while emitting a toxic aura?
Okay, then.
Unknown command.
Casting: Tukima's Dance (safe; 1% risk of failure)
Confirm with . or Enter, or press ? or * to list all spells.
Okay, then.
Unknown command.
You feel better.
The orc warrior looks even sicker.
The orc wizard is poisoned.
The orc wizard looks even sicker.
The orc looks even sicker.
You kill the orc!
The orc warrior looks even sicker.
The orc warrior misses you.
The orc priest invokes the aid of Beogh against you.
Beogh smites you!
* * * LOW HITPOINT WARNING * * *
The orc wizard casts a spell at you.
The magic dart hits you but does no damage.
The orc priest hits you but does no damage.
The orc warrior barely misses you.
Unknown command.
Unknown command.
Unknown command.
You feel better.
The orc warrior looks as sick as possible!
The orc wizard looks even sicker.
You kill the orc!
The orc warrior looks even sicker.
The orc priest invokes the aid of Beogh against you.
Beogh smites you!
* * * LOW HITPOINT WARNING * * *
The orc wizard hits you but does no damage.
The orc priest barely misses you.
The orc warrior hits you with a +0 mace!
* * * LOW HITPOINT WARNING * * *
The orc wizard casts a spell.
The orc wizard flickers and vanishes for a moment.
The orc priest invokes the aid of Beogh against you.
Beogh smites you!
You die...
Your body rises from the dead as a mindless zombie.

...........
..o..)[)...
#.....
##3oo.....#
#....
o##4.......
#....
#4#3Y3....#
#o..
...o...#...
#..#
...........
#o.#
.#........#
#oo#
#.......###
#@o#
.....####
#oo# ......


#oooo ....... #o....# ##...... #....o.. ##....## #......## ##.$.# ##....)..
#...... You could see 3 orc warriors, 5 orc priests and 5 orc wizards.

Vanquished Creatures
  Erica (D:9)
  3 two-headed ogres
  2 orc knights (Orc:1)
  2 orc sorcerers (Orc:2)
  2 kobold demonologists (D:9)
  A troll (Orc:2)
  Prince Ribbit (D:9)
  2 wyverns
  Grum (D:8)
  A dancing weapon (D:9)
  A steam dragon (D:5)
  A warg (Orc:1)
  An acid dragon (D:9)
  Duvessa (D:6)
  2 ice beasts (D:7)
  A hornet zombie (Ossuary)
  7 orc warriors
  2 ogres
  A black bear (D:5)
  A centaur (D:6)
  A wolf (D:8)
  A phantom (D:5)
  3 kobold brigands
  A necrophage (D:7)
  2 gnoll sergeants
  An elf skeleton (D:8)
  2 scorpions
  3 wyvern zombies (Ossuary)
  A water moccasin zombie (Ossuary)
  Dowan (D:6)
  12 killer bees
  4 howler monkeys
  2 centaur zombies (Ossuary)
  5 bullfrog zombies (Ossuary)
  2 hounds
  7 orc priests
  A human skeleton (D:8)
  2 jellies
  2 iguanas (D:6)
  Terence (D:2)
  9 orc wizards
  5 killer bee zombies (Ossuary)
  14 mummies (Ossuary)
  3 howler monkey zombies (Ossuary)
  11 gnolls
  12 adders
  A shadow imp (D:7)
  2 ufetubi
  52 orcs
  8 bats
  6 endoplasms
  8 giant cockroaches
  4 goblins
  5 hobgoblins
  5 jackals
  A quokka (D:5)
  10 ball pythons
  2 frilled lizards (D:1)
  17 kobolds
  An orc skeleton (D:8)
  An orc zombie (D:8)
  3 rats
268 creatures vanquished.

Vanquished Creatures (collateral kills)
  Snorg (Orc:1)
  Joseph (D:8)
  A troll (Orc:1)
  An acid dragon (D:8)
  2 orc warriors
  A hornet zombie (Ossuary)
  2 wolves (D:8)
  3 kobold brigands (D:9)
  An elf skeleton (D:8)
  A killer bee (D:9)
  2 bullfrog zombies (Ossuary)
  A centaur zombie (Ossuary)
  2 hounds (D:6)
  2 orc wizards
  A killer bee zombie (D:9)
  An adder (D:6)
  A worm (D:2)
  13 orcs
  A bat (D:6)
  A giant cockroach (D:3)
  A goblin (D:2)
  2 jackals (D:5)
  A kobold (D:9)
  An orc zombie (D:8)
44 creatures vanquished.

Vanquished Creatures (others)
  6 dancing weapons
  A centaur zombie (D:6)
  4 killer bee zombies
  An ice beast zombie (D:7)
  A jelly zombie (D:8)
  2 gnoll zombies
  A quokka (D:5)
  16 orc zombies
  3 withered plants (Ossuary)
35 creatures vanquished.

Grand Total: 347 creatures vanquished

Notes
Turn   | Place    | Note
-------+----------+-------------------------------------------
     0 | D:1      | Spectrina the Djinni Venom Mage began the quest for the
                  | Orb.
     0 | D:1      | Spectrina set off with the following spells memorised:
                  | Sting, Poisonous Vapours, Mephitic Cloud, Olgreb's Toxic
                  | Radiance.
     0 | D:1      | Reached XP level 1. HP: 15/15 MP: 0/0
    74 | D:1      | Found a faded altar of an unknown god.
    87 | D:1      | Reached XP level 2. HP: 5/22 MP: 0/0
   453 | D:2      | Noticed Terence
   463 | D:2      | Killed Terence
   464 | D:2      | Reached skill level 1 in Fighting
   464 | D:2      | Reached skill level 1 in Invocations
   464 | D:2      | Reached XP level 3. HP: 27/27 MP: 0/0
   464 | D:2      | Learned a level 1 spell: Summon Small Mammal
   507 | D:2      | Reached XP level 4. HP: 32/32 MP: 0/0
   522 | D:4      | Found Haigeceu's Humungous Hoard.
   615 | D:3      | Noticed an ogre
   637 | D:3      | Killed an ogre
   638 | D:3      | Reached XP level 5. HP: 38/38 MP: 0/0
   638 | D:3      | Learned a level 2 spell: Scorch
   894 | D:3      | Reached XP level 6. HP: 40/44 MP: 0/0
  1130 | D:2      | Identified the ring "Hubbuitu" {Fire rElec Dex-4 SInv
                  | Stlth+}
  1535 | D:5      | Entered Level 5 of the Dungeon
  1569 | D:5      | Noticed a black bear
  1577 | D:5      | Killed a black bear
  1655 | D:6      | Noticed an orc warrior
  1666 | D:6      | Killed an orc warrior
  1667 | D:6      | Reached XP level 7. HP: 35/50 MP: 0/0
  1667 | D:6      | Learned a level 3 spell: Tukima's Dance
  1750 | D:4      | Found a staircase to the Ecumenical Temple.
  1771 | Temple   | Entered the Ecumenical Temple
  2254 | D:4      | Reached XP level 8. HP: 50/58 MP: 0/0
  2523 | D:6      | Noticed Dowan
  2806 | D:5      | Found a snail-covered altar of Cheibriados.
  2807 | D:5      | Found a bloodstained altar of Trog.
  2808 | D:5      | Found a sacrificial altar of Ru.
  2808 | D:5      | Found a shadowy altar of Dithmenos.
  3192 | D:7      | You are sucked into a shaft and drop 2 floors!
  3199 | D:9      | Identified a scroll of acquirement
  3207 | D:9      | Noticed a kobold demonologist
  3211 | D:9      | Noticed a kobold demonologist
  3216 | D:9      | Noticed an orange demon
  3236 | D:9      | Killed a kobold demonologist
  3237 | D:9      | Reached skill level 5 in Fighting
  3237 | D:9      | Reached skill level 5 in Stealth
  3237 | D:9      | Reached skill level 5 in Invocations
  3237 | D:9      | Reached XP level 9. HP: 22/65 MP: 0/0
  3237 | D:9      | Learned a level 4 spell: Ice Form
  3237 | D:9      | Killed a kobold demonologist
  3240 | D:9      | Reached skill level 5 in Spellcasting
  3427 | D:9      | Found a staircase to the Orcish Mines.
  3627 | D:9      | Found a basalt altar of Yredelemnul.
  3632 | D:9      | Became a worshipper of Yredelemnul the Dark
  3652 | D:9      | Reached * piety under Yredelemnul
  3817 | D:9      | Noticed Erica
  3838 | D:9      | Killed Erica
  3839 | D:9      | Reached XP level 10. HP: 64/73 MP: 0/0
  3839 | D:9      | Reached ** piety under Yredelemnul
  4014 | D:9      | Noticed a two-headed ogre
  4024 | D:9      | Killed a two-headed ogre
  4095 | D:9      | Found a glowing silver altar of Zin.
  4095 | D:9      | Noticed an angel
  4105 | D:9      | Noticed Prince Ribbit
  4108 | D:9      | Killed Prince Ribbit
  4121 | D:9      | Noticed a two-headed ogre
  4134 | D:9      | Killed a two-headed ogre
  4134 | D:9      | Reached *** piety under Yredelemnul
  4273 | D:9      | Reached **** piety under Yredelemnul
  4445 | D:8      | Reached XP level 11. HP: 68/80 MP: 0/0
  4445 | D:8      | Learned a level 4 spell: Summon Ice Beast
  4494 | D:8      | Noticed Joseph
  4507 | D:8      | Killed Joseph
  4546 | D:8      | Noticed Grum
  4554 | D:8      | Killed Grum
  4746 | D:8      | Found a sand-covered staircase.
  4751 | Ossuary  | Entered an ossuary
  5806 | D:6      | Noticed Duvessa
  5813 | D:6      | Killed Duvessa
  5814 | D:6      | Killed Dowan
  6080 | D:4      | Bought a +2 hat for 176 gold pieces
  6080 | D:4      | Bought a potion of haste for 110 gold pieces
  6337 | Orc:1    | Entered Level 1 of the Orcish Mines
  6345 | Orc:1    | Noticed an orc knight
  6360 | Orc:1    | Killed an orc knight
  6453 | Orc:1    | Noticed an orc knight
  6467 | Orc:1    | Killed an orc knight
  6475 | Orc:1    | Noticed Snorg
  6482 | Orc:1    | Killed Snorg
  6499 | Orc:1    | Reached ***** piety under Yredelemnul
  6555 | Orc:1    | Noticed a two-headed ogre
  6561 | Orc:1    | Killed a two-headed ogre
  6562 | Orc:1    | Reached XP level 12. HP: 78/89 MP: 0/0
  6725 | Orc:2    | Entered Level 2 of the Orcish Mines
  6768 | Orc:2    | Noticed an orc warlord
  6776 | Orc:2    | Noticed a soul eater
  6788 | Orc:2    | Found a staircase to the Elven Halls.
  6795 | Orc:2    | Killed from afar by an orc priest

Illustrated notes

Levels and vault maps discovered:
D:1:      wander_arrival_abandoned_jail, layout_basic,
          hellmonk_ecumenical_altar_arch_garden
D:2:      layout_basic, uniq_terence
D:3:      layout_loops_corners
D:4:      layout_cave_pools, minmay_temple_entry_statues,
          nicolae_alphabet_shops, st_stairs_10, lightli_minifort
D:5:      layout_loops_ring, mainiacjoe_overflow_alcove_3
D:6:      layout_loops_cross, roderic_batcave, uniq_duvessa
D:7:      layout_loops_cross, sigmund_army
D:8:      layout_basic, nicolae_ossuary_entry_catacombs, uniq_grum, uniq_joseph
D:9:      layout_grid_maze, zin_angel, kennysheep_little_box, hiddenorc1_lemuel,
          serial_glass, glass_columns_a, glass_columns_a, uniq_erica,
          uniq_prince_ribbit1
Temple:   nicolae_temple_superstar
Orc:1:    layout_caves, basic_altar, uniq_snorg
Orc:2:    st_orc_mages, layout_caves

Skill      XL: |  1  2  3  4  5  6  7  8  9 10 11 |
---------------+----------------------------------+-----
Fighting       | 1 2 3 5 6 7 9 |  9.4
Stealth        | 2 3 5 6 7 8 |  8.9
Invocations    | 1 2 3 5 6 7 9 |  9.4
Spellcasting   | 3 4 5 6 7 |  7.7
Dodging        | |  2.1

Action                   |  1- 3 |  4- 6 |  7- 9 | 10-12 || total
-------------------------+-------+-------+-------+-------++-------
Melee: Trident           |       |       |     5 |       ||     5
       Staff             |       |       |       |     1 ||     1
 Cast: Sting             |    22 |    11 |     2 |     2 ||    37
       Poisonous Vapours |     6 |    49 |    99 |    20 ||   174
       Summon Small Mamm |     2 |    23 |    49 |    21 ||    95
       Scorch            |       |    32 |    76 |   165 ||   273
       Mephitic Cloud    |       |       |     5 |     3 ||     8
       Tukima's Dance    |       |       |    19 |    19 ||    38
       Olgreb's Toxic Ra |       |       |     6 |    52 ||    58
       Summon Ice Beast  |       |       |       |    18 ||    18
Evoke: Wand              |       |       |     3 |     1 ||     4
  Use: Scroll            |       |       |     7 |     4 ||    11
       Potion            |       |       |     2 |     4 ||     6
Armor: Robe              |     5 |     1 |     1 |       ||     7
       Leather armour    |       |       |    40 |    25 ||    65
Dodge: Dodged            |    14 |    21 |    69 |    41 ||   145
Block: Buckler           |       |       |    19 |     8 ||    27

Table legend: (Time is in decaauts)
 A = Elapsed time spent in this place.
 B = Non-inter-level travel time spent in this place.
 C = Inter-level travel time spent in this place.
 D = Time resting spent in this place.
 E = Time spent auto-exploring this place.
 F = Levels seen in this place.
 G = Mean time per level.
                   A        B        C        D        E       F      G
               +--------+--------+--------+--------+--------+-----+--------+
         Total |   6791 |   5742 |   1049 |      0 |      0 |  13 |  522.4 |
       Dungeon |   5960 |   4952 |   1008 |      0 |      0 |   9 |  662.2 |
        Temple |     80 |     80 |      0 |      0 |      0 |   1 |   80.0 |
  Orcish Mines |    456 |    415 |     41 |      0 |      0 |   2 |  228.0 |
       Ossuary |    293 |    293 |      0 |      0 |      0 |   1 |  293.0 |
               +--------+--------+--------+--------+--------+-----+--------+

Top non-repeatable levels by time:
     D:9: 1308 daAuts
     D:3: 812 daAuts
     D:8: 738 daAuts
     D:6: 626 daAuts
     D:5: 543 daAuts
     D:1: 538 daAuts
     D:4: 516 daAuts
     D:7: 477 daAuts
   Orc:1: 414 daAuts
     D:2: 398 daAuts
 Ossuary: 293 daAuts
  Temple: 80 daAuts
   Orc:2: 42 daAuts
